 Dungeon Crawl Stone Soup version 0.23-a0-375-g66a18ee (webtiles) character file.

248 Dawnplanks the Covered (level 5, -1/47 HPs)
             Began as a Minotaur Fighter on Oct 26, 2018.
             Slain by an ogre
             ... wielding a +0 giant club
              (5 damage)
             ... on level 5 of the Dungeon.
             The game lasted 00:04:28 (2707 turns).

Dawnplanks the Covered (Minotaur Fighter)           Turns: 2707, Time: 00:04:29

Health: -1/47      AC: 12    Str: 26    XL:     5   Next: 86%
Magic:  4/4        EV:  5    Int:  5    God:
Gold:   141        SH: 10    Dex: 10    Spells: 4/4 levels left

rFire    . . .     SeeInvis .   a - +0 flail
rCold    + . .     Gourm    .   c - +0 shield
rNeg     . . .     Faith    .   s - +0 plate armour
rPois    .         Spirit   .   (helmet restricted)
rElec    .         Reflect  .   (no cloak)
rCorr    .         Harm     .   (no gloves)
MR       .....                  (no boots)
Stlth    ..........             (no amulet)
HPRegen  0.15/turn              j - ring of protection from cold
MPRegen  0.09/turn              (no ring)

@: mighty
A: retaliatory headbutt, horns 2
a: no special abilities


You were on level 5 of the Dungeon.
You were not hungry.

You visited 1 branch of the dungeon, and saw 5 of its levels.

You collected 141 gold pieces.

Inventory:

Hand Weapons
 a - a +0 flail (weapon)
Armour
 c - a +0 shield (worn)
 s - a +0 plate armour (worn)
Jewellery
 j - a ring of protection from cold (left hand)
Scrolls
 b - a scroll of enchant armour {unknown}
 e - 3 scrolls of identify {unknown}
 k - 4 scrolls of remove curse {unknown}
 m - a scroll of teleportation {unknown}
 n - a scroll of immolation {unknown}
 o - a scroll of magic mapping {unknown}
 r - a scroll of blinking {unknown}
Potions
 g - 2 potions of agility {unknown}
 h - 4 potions of heal wounds {unknown}
 i - a potion of curing {unknown}
 l - a potion of lignification {unknown}
 p - a potion of invisibility {unknown}
 q - a potion of flight {unknown}
Comestibles
 f - a ration


   Skills:
 + Level 4.5 Fighting
 + Level 4.3 Maces & Flails
 + Level 5.3 Armour
 + Level 1.5 Dodging
 + Level 4.7 Shields


You had 4 spell levels left.
You didn't know any spells.
Your spell library was empty.

Dungeon Overview and Level Annotations

Branches:
Dungeon (5/15)
 Temple: D:4-7

Altars:

Annotations:
D:5 Prince Ribbit


Innate Abilities, Weirdness & Mutations

You reflexively headbutt those who attack you in melee.
You have a pair of horns on your head.


Message History

The frilled lizard bites you but does no damage.
Your plate armour prevents you from hitting the frilled lizard.
The frilled lizard barely misses you. Prince Ribbit hits you!
* * * LOW HITPOINT WARNING * * *
The frilled lizard bites you but does no damage.
You sock Prince Ribbit! You headbutt Prince Ribbit!
Prince Ribbit is severely wounded.
Prince Ribbit hits you.
* * * LOW HITPOINT WARNING * * *
The frilled lizard bites you but does no damage.
Prince Ribbit hits you.
* * * LOW HITPOINT WARNING * * *
Your shield and plate armour prevent you from hitting Prince Ribbit.
Prince Ribbit is severely wounded.
You block Prince Ribbit's attack. You block the frilled lizard's attack.
Prince Ribbit barely misses you.
You barely miss Prince Ribbit. Your headbutt misses Prince Ribbit.
Prince Ribbit is severely wounded.
You block the frilled lizard's attack. The ogre hits you with a +0 giant club.
You die...

##### #### ##...##..<#
##.......... #...........
#.....$..... #.....>.....
#...F...... ####.@l.#
#...#.O.# #...#.###
##....#### ## ##.#....##
..
######.......#######.####
#....(..###..............
#...............####.....
#...............#........


You could see Prince Ribbit, an ogre and a frilled lizard.

Vanquished Creatures
  2 orc priests (D:4)
  Jessica (D:2)
  2 worker ants (D:5)
  A worker ant zombie (D:5)
  3 adders
  2 shadow imps
  2 worms (D:3)
  A leopard gecko (D:1)
  An orc (D:4)
  2 giant cockroaches
  10 goblins
  6 hobgoblins
  6 jackals (D:1)
  7 kobolds
  A ball python (D:5)
  7 bats
  6 frilled lizards
  2 rats (D:2)
62 creatures vanquished.

Notes
Turn   | Place    | Note
-------+----------+-------------------------------------------
     0 | D:1      | Dawnplanks the Minotaur Fighter began the quest for the
                  | Orb.
     0 | D:1      | Reached XP level 1. HP: 19/19 MP: 0/0
   240 | D:1      | Reached XP level 2. HP: 27/27 MP: 1/1
   386 | D:1      | Reached skill level 4 in Armour
   552 | D:1      | Reached XP level 3. HP: 33/33 MP: 2/2
   832 | D:2      | Noticed Jessica
   848 | D:2      | Killed Jessica
   852 | D:2      | Reached XP level 4. HP: 22/40 MP: 3/3
  1304 | D:3      | Reached skill level 1 in Dodging
  2344 | D:4      | Reached XP level 5. HP: 19/47 MP: 4/4
  2349 | D:4      | Reached skill level 5 in Armour
  2615 | D:5      | Entered Level 5 of the Dungeon
  2698 | D:5      | Noticed Prince Ribbit
  2702 | D:5      | Noticed an ogre
  2707 | D:5      | Slain by an ogre

Vault maps used:
D:1:      matt_arrival_diagonals
D:2:      uniq_jessica
D:3:      st_stairs_12
D:4:      cheibrodos_thug_alley, first_ration
D:5:      gammafunk_ghost_hive, uniq_menkaure, uniq_prince_ribbit1,
          uniq_blork_the_orc

Skill      XL: |  1  2  3  4  5 |
---------------+----------------+-----
Fighting       | 4 |  4.5
Armour         | 4 5 |  5.3
Maces & Flails | 3 4 |  4.3
Shields        | 4 |  4.7
Dodging        | 1 |  1.5

Action                   |  1- 3 |  4- 6 || total
-------------------------+-------+-------++-------
Melee: Flail             |   103 |    92 ||   195
       Headbutt          |    10 |    16 ||    26
  Use: Potion            |       |     1 ||     1
  Eat: Chunk             |       |     6 ||     6
Armor: Scale mail        |    63 |    22 ||    85
       Plate armour      |       |    17 ||    17
Dodge: Dodged            |    35 |    24 ||    59
Block: Shield            |    65 |    46 ||   111

Table legend:
 A = Non-vault XP
 B = Vault XP
 C = Vault XP percentage of total XP
 D = Non-vault monster count
 E = Vault monster count
 F = Vault count percentage of total count
                 A         B        C        D         E       F
            +---------+---------+-------+---------+---------+-------
      Total |     316 |      39 |  11.0 |      60 |       2 |   3.2
            +---------+---------+-------+---------+---------+-------
        D:1 |      49 |       0 |   0.0 |      28 |       0 |   0.0
        D:2 |      22 |      37 |  62.7 |       7 |       1 |  12.5
        D:3 |      59 |       2 |   3.3 |      15 |       1 |   6.2
        D:4 |      88 |       0 |   0.0 |       5 |       0 |   0.0
        D:5 |      98 |       0 |   0.0 |       5 |       0 |   0.0
            +---------+---------+-------+---------+---------+-------
